Blackdemons vs Carnivores
(R2)
Created - 22 février 2013 at 19:04
Goals
|
| Blackdemons |
3 |
1 |
0 |
4 |
| Carnivores |
0 |
1 |
1 |
2 |
|
Shots
|
| Blackdemons |
13 |
9 |
4 |
26 |
| Carnivores |
8 |
8 |
17 |
33 |
|
1st period
1. Blackdemons , Enver Lisin 21 (Nathan Paetsch) at 5:58 (PP)
2. Blackdemons , Enver Lisin 22 (James Neal, Sam Gagner) at 18:03 (PP)
3. Blackdemons , Enver Lisin 23 (Steve Konowalchuk, Raphael Diaz) at 18:41
Penalties :
Sam Gagner (MJM) for Interference (Minor) at 0:07, Jeff Tambellini (Bre) for High sticking (Minor) at 5:52, James Neal (MJM) for Roughing (Minor) at 8:03, Raphael Diaz (MJM) for Interference (Minor) at 13:46, Matt Cullen (Bre) for High sticking (Minor) at 17:55, Richard Park (Bre) for Holding (Minor) at 19:07, Karl Alzner (MJM) for Slashing (Minor) at 19:07
2nd period
4. Carnivores , Michael Grabner 8 (Matt Cullen) at 1:02
5. Blackdemons , Curtis Glencross 8 (Curtis Brown, Radoslav Suchy) at 1:23
Penalties :
Mikael Backlund (Bre) for High sticking (Minor) at 4:13, Michael Peca (MJM) for Kneeing (Major) at 8:49
3rd period
6. Carnivores , Evgeny Dadonov 4 (Andy Miele, Janne Niinimaa) at 0:55
Penalties :
Enver Lisin (MJM) for Interference (Minor) at 0:11, Mikael Backlund (Bre) for Hooking (Minor) at 0:38, Maxime Macenauer (MJM) for High sticking (Minor) at 12:30, Curtis Brown (MJM) for Hooking (Minor) at 16:48, Mikael Backlund (Bre) for Holding Stick (Minor) at 17:29, Karl Alzner (MJM) for Tripping (Minor) at 17:29, Mikael Backlund (Bre) for Hooking (Minor) at 19:40
Goalie Stats
Michal Neuvirth (MJM), 31 saves from 33 shots - (0,939), W, 14-10-3, 60:00 minutes
Steve Mason (Bre), 11 saves from 11 shots - (1,000), 38:37 minutes
Josh Tordjman (Bre), 11 saves from 15 shots - (0,733), L, 17-11-4, 21:23 minutes
Players Stats for Blackdemons
Player Name G A P +/- PIM S H SB GA TA FO MP PP MP PK MP
------------------------------------------------------------------------------------
Curtis Brown 0 1 1 -1 2 0 3 0 0 0 3/16 16:41 0:04 6:04
Curtis Glencross 1 0 1 -1 0 7 4 1 1 0 1/1 19:36 0:55 5:49
Enver Lisin 3 0 3 1 2 6 0 0 0 1 0/0 11:30 2:00 0:00
Jakub Kindl 0 0 0 0 0 0 2 2 0 1 0/0 20:49 0:00 7:28
James Neal 0 1 1 0 2 2 1 0 1 0 0/0 12:46 1:33 1:32
Karl Alzner 0 0 0 1 4 0 0 0 0 0 0/0 19:20 0:00 6:28
Maxime Macenauer 0 0 0 0 2 0 0 0 0 0 1/1 8:34 0:00 0:08
Michael Peca 0 0 0 0 5 2 1 0 0 0 11/18 16:17 0:27 4:31
Nathan Paetsch 0 1 1 0 0 1 0 0 1 0 0/0 24:02 2:12 7:17
Nikita Nikitin 0 0 0 0 0 0 2 0 0 0 0/0 15:06 0:47 0:54
Radoslav Suchy 0 1 1 -1 0 1 1 1 0 0 0/0 23:08 0:47 6:22
Raphael Diaz 0 1 1 1 2 0 1 0 1 1 0/0 17:41 2:12 2:12
Sam Gagner 0 1 1 1 2 0 1 0 0 0 4/11 11:46 1:33 1:26
Stanislav Chistov 0 0 0 0 0 1 1 1 0 0 0/1 10:54 0:04 0:00
Steve Konowalchuk 0 1 1 1 0 1 2 0 0 0 1/2 18:18 0:27 7:26
Todd Fedoruk 0 0 0 0 0 2 3 0 1 0 0/0 8:36 0:04 0:05
Tomas Kopecky 0 0 0 0 0 2 0 0 0 0 1/3 12:33 0:55 2:23
Zack Hamill 0 0 0 0 0 1 2 0 0 0 3/5 11:23 0:55 0:00
Players Stats for Carnivores
Player Name G A P +/- PIM S H SB GA TA FO MP PP MP PK MP
------------------------------------------------------------------------------------
Alexei Zhitnik 0 0 0 0 0 1 0 0 0 1 0/0 18:20 1:17 1:22
Andrew Ference 0 0 0 0 0 0 3 1 0 0 0/0 15:30 4:19 1:10
Andy Miele 0 1 1 0 0 2 4 0 0 0 0/0 18:39 5:30 0:13
Blake Geoffrion 0 0 0 0 0 2 1 0 0 0 0/0 12:37 5:29 0:00
Bobby Sanguinetti 0 0 0 1 0 3 0 0 0 1 0/0 21:24 4:41 0:27
Cal O'Reilly 0 0 0 0 0 2 0 0 0 0 3/3 10:08 1:50 0:00
David Van Der Gulik 0 0 0 0 0 1 1 0 0 0 0/1 9:26 1:41 0:00
Evgeny Dadonov 1 0 1 1 0 3 1 0 0 0 2/3 9:45 0:39 0:00
Janne Niinimaa 0 1 1 -1 0 3 1 2 0 1 0/0 25:47 8:30 1:10
Jeff Friesen 0 0 0 0 0 0 2 0 0 0 0/0 10:30 1:47 0:07
Jeff Tambellini 0 0 0 -1 2 4 1 1 0 0 0/0 18:35 6:20 1:08
Josef Melichar 0 0 0 1 0 3 0 0 1 0 0/0 15:46 0:52 1:49
Manny Malhotra 0 0 0 0 0 0 3 0 0 0 3/8 9:22 0:42 1:11
Matt Cullen 0 1 1 0 2 5 1 2 1 0 18/31 22:18 6:12 1:41
Michael Grabner 1 0 1 0 0 3 1 1 1 1 0/0 21:01 6:20 0:27
Mikael Backlund 0 0 0 -1 8 1 3 0 0 0 7/12 17:47 5:27 0:00
Richard Park 0 0 0 -1 2 0 2 0 0 1 0/0 11:56 0:07 1:11
Ryan Mcdonagh 0 0 0 -1 0 0 0 1 0 0 0/0 22:33 8:30 0:00
3 Stars
1 - Enver Lisin (MJM)
2 - Evgeny Dadonov (Bre)
3 - Curtis Glencross (MJM)
Power Play
Blackdemons - 2 on 5 Attempt(s) - 40,00%
Carnivores - 0 on 7 Attempt(s) - 0,00%
Penalty Kill
Blackdemons - 7 on 7 Attempt(s) - 100,00%
- Score 0 goal in Penalty Kill
Carnivores - 3 on 5 Attempt(s) - 60,00%
- Score 0 goal in Penalty Kill
Official
Referees : McCreary Bill and Marouelli Dan
Linesman : Pierre Champoux and Michel Cormier
Game Notes
Enver Lisin has scored a Hat Trick!
Steve Mason enters game at 1:23 of 2nd period
Blackdemons
5 vs 5 Forward
Center Left Wing Right Wing Time % Phy DF OF
1 Sam Gagner Steve Konowalchuk Enver Lisin 28 0 3 2
2 Zack Hamill Curtis Glencross Stanislav Chistov 26 1 2 2
3 Michael Peca James Neal Tomas Kopecky 26 2 1 2
4 Curtis Brown Todd Fedoruk Maxime Macenauer 20 1 2 2
5 vs 5 Defense
Defense Defense Time % Phy DF OF
1 Karl Alzner Nathan Paetsch 36 1 3 1
2 Radoslav Suchy Nikita Nikitin 32 1 3 1
3 Raphael Diaz Jakub Kindl 32 1 3 1
4 Radoslav Suchy Nathan Paetsch 0 1 3 1
PowerPlay Forward
Center Left Wing Right Wing Time % Phy DF OF
1 Sam Gagner James Neal Enver Lisin 60 1 1 3
2 Zack Hamill Curtis Glencross Tomas Kopecky 40 2 1 2
PowerPlay Defense
Defense Defense Time % Phy DF OF
1 Raphael Diaz Nathan Paetsch 60 0 2 3
2 Radoslav Suchy Nikita Nikitin 40 0 2 3
Penalty Kill 4 Players Forward
Center Wing Time % Phy DF OF
1 Michael Peca Curtis Glencross 50 1 3 1
2 Curtis Brown Steve Konowalchuk 50 1 3 1
Penalty Kill 4 Players Defense
Defense Defense Time % Phy DF OF
1 Radoslav Suchy Jakub Kindl 50 1 4 0
2 Karl Alzner Nathan Paetsch 50 1 4 0
Penalty Kill - 3 Players Forward
Forward Time % Phy DF OF
1 Michael Peca 50 0 5 0
2 Steve Konowalchuk 50 0 5 0
Penalty Kill - 3 Players Defense
Defense Defense Time % Phy DF OF
1 Radoslav Suchy Jakub Kindl 50 1 4 0
2 Karl Alzner Nathan Paetsch 50 1 4 0
4 vs 4 Forward
Center Wing Time % Phy DF OF
1 Curtis Brown Curtis Glencross 50 1 2 2
2 Michael Peca Steve Konowalchuk 50 0 3 2
4 vs 4 Defense
Defense Defense Time % Phy DF OF
1 Radoslav Suchy Jakub Kindl 50 1 3 1
2 Raphael Diaz Nathan Paetsch 50 1 3 1
Last Minutes Offensive
Center Left Wing Right Wing Defense Defense
Curtis Brown Curtis Glencross Enver Lisin Radoslav Suchy Nathan Paetsch
Last Minutes Defensive
Center Left Wing Right Wing Defense Defense
Michael Peca Steve Konowalchuk Stanislav Chistov Radoslav Suchy Nathan Paetsch
Goaltenders
Starting : Michal Neuvirth
Backup : Manny Fernandez
Extra Forwards
Normal : James Neal, Enver Lisin, Todd Fedoruk - PP : Todd Fedoruk, Stanislav Chistov - PK : Tomas Kopecky
Extra Defensemen
Normal : Jakub Kindl, Raphael Diaz, Karl Alzner - PP : Jakub Kindl - PK : Raphael Diaz, Nikita Nikitin
Penalty Shots
Curtis Glencross, Enver Lisin, James Neal, Stanislav Chistov, Todd Fedoruk
Carnivores
5 vs 5 Forward
Center Left Wing Right Wing Time % Phy DF OF
1 Matt Cullen Jeff Tambellini Michael Grabner 40 1 1 3
2 Mikael Backlund Richard Park Andy Miele 30 1 1 3
3 Manny Malhotra Blake Geoffrion Evgeny Dadonov 20 1 2 2
4 Cal O'Reilly Jeff Friesen David Van Der Gulik 10 0 2 3
5 vs 5 Defense
Defense Defense Time % Phy DF OF
1 Janne Niinimaa Ryan Mcdonagh 40 1 2 2
2 Alexei Zhitnik Bobby Sanguinetti 30 1 2 2
3 Josef Melichar Andrew Ference 20 1 2 2
4 Alexei Zhitnik Ryan Mcdonagh 10 1 2 2
PowerPlay Forward
Center Left Wing Right Wing Time % Phy DF OF
1 Matt Cullen Jeff Tambellini Michael Grabner 60 0 1 4
2 Mikael Backlund Blake Geoffrion Andy Miele 40 0 1 4
PowerPlay Defense
Defense Defense Time % Phy DF OF
1 Janne Niinimaa Ryan Mcdonagh 60 0 2 3
2 Andrew Ference Bobby Sanguinetti 40 0 2 3
Penalty Kill 4 Players Forward
Center Wing Time % Phy DF OF
1 Matt Cullen Jeff Tambellini 50 1 3 1
2 Manny Malhotra Richard Park 50 1 3 1
Penalty Kill 4 Players Defense
Defense Defense Time % Phy DF OF
1 Janne Niinimaa Andrew Ference 50 1 3 1
2 Alexei Zhitnik Josef Melichar 50 1 3 1
Penalty Kill - 3 Players Forward
Forward Time % Phy DF OF
1 Matt Cullen 50 1 3 1
2 Richard Park 50 1 3 1
Penalty Kill - 3 Players Defense
Defense Defense Time % Phy DF OF
1 Alexei Zhitnik Andrew Ference 50 1 3 1
2 Janne Niinimaa Josef Melichar 50 1 3 1
4 vs 4 Forward
Center Wing Time % Phy DF OF
1 Matt Cullen Michael Grabner 50 1 1 3
2 Mikael Backlund Andy Miele 50 1 1 3
4 vs 4 Defense
Defense Defense Time % Phy DF OF
1 Janne Niinimaa Alexei Zhitnik 50 1 2 2
2 Josef Melichar Bobby Sanguinetti 50 1 2 2
Last Minutes Offensive
Center Left Wing Right Wing Defense Defense
Matt Cullen Jeff Tambellini Michael Grabner Janne Niinimaa Alexei Zhitnik
Last Minutes Defensive
Center Left Wing Right Wing Defense Defense
Matt Cullen Jeff Tambellini Michael Grabner Janne Niinimaa Ryan Mcdonagh
Goaltenders
Starting : Josh Tordjman
Backup : Steve Mason
Extra Forwards
Normal : Andy Miele, Evgeny Dadonov, Matt Cullen - PP : Jeff Friesen, Cal O'Reilly - PK : Andy Miele
Extra Defensemen
Normal : Josef Melichar, Janne Niinimaa, Alexei Zhitnik - PP : Alexei Zhitnik - PK : Ryan Mcdonagh, Bobby Sanguinetti
Penalty Shots
Matt Cullen, Michael Grabner, Andy Miele, Jeff Friesen, Evgeny Dadonov
% Time on Ice - Blackdemons
Lines # - Real PCT - Wanted PCT - Time Play
Normal Forward
1 - 25% - 28% - 9:18
2 - 31% - 26% - 11:29
3 - 23% - 26% - 8:35
4 - 22% - 20% - 8:06
Normal Defense
1 - 33% - 36% - 12:13
2 - 41% - 32% - 15:26
3 - 26% - 32% - 9:49
4 - 0% - 0% - 0:00
PP Forward
1 - 54% - 60% - 1:37
2 - 46% - 40% - 1:22
PP Defense
1 - 59% - 60% - 1:45
2 - 41% - 40% - 1:14
PK Forward
1 - 56% - 50% - 7:48
2 - 44% - 50% - 6:15
PK Defense
1 - 52% - 50% - 7:22
2 - 48% - 50% - 6:41
PK3 Forward
1 - 37% - 50% - 0:29
2 - 63% - 50% - 0:49
PK3 Defense
1 - 55% - 50% - 0:43
2 - 45% - 50% - 0:35
44 Forward
1 - 41% - 50% - 1:44
2 - 59% - 50% - 2:28
44 Defense
1 - 37% - 50% - 1:34
2 - 63% - 50% - 2:38
Last Minute Offensive - 0:00
Last Minute Defensive - 0:00
Total
Forward - 60:00
Defense - 60:00
|
% Time on Ice - Carnivores
Lines # - Real PCT - Wanted PCT - Time Play
Normal Forward
1 - 33% - 40% - 12:23
2 - 29% - 30% - 10:56
3 - 19% - 20% - 7:16
4 - 18% - 10% - 6:53
Normal Defense
1 - 37% - 40% - 13:49
2 - 36% - 30% - 13:39
3 - 24% - 20% - 8:50
4 - 3% - 10% - 1:10
PP Forward
1 - 56% - 60% - 7:53
2 - 44% - 40% - 6:10
PP Defense
1 - 67% - 60% - 9:22
2 - 33% - 40% - 4:41
PK Forward
1 - 60% - 50% - 1:48
2 - 40% - 50% - 1:11
PK Defense
1 - 39% - 50% - 1:10
2 - 61% - 50% - 1:49
PK3 Forward
1 - 0% - 50%
2 - 0% - 50%
PK3 Defense
1 - 0% - 50%
2 - 0% - 50%
44 Forward
1 - 52% - 50% - 2:50
2 - 48% - 50% - 2:40
44 Defense
1 - 43% - 50% - 2:22
2 - 57% - 50% - 3:08
Last Minute Offensive - 0:00
Last Minute Defensive - 0:00
Total
Forward - 60:00
Defense - 60:00
|
Play by Play
1st period
0:01 of 1st period - Sam Gagner wins face-off versus Matt Cullen in neutral zone.
0:07 of 1st period - Minor Penalty to Sam Gagner for Interference.
0:08 of 1st period - Michael Peca wins face-off versus Matt Cullen in Blackdemons zone.
0:39 of 1st period - Curtis Brown is hit by Andy Miele and loses puck.
2:07 of 1st period - Penalty to Sam Gagner is over, Sam Gagner is back on ice.
2:39 of 1st period - Nathan Paetsch is hit by Manny Malhotra and loses puck.
4:29 of 1st period - Curtis Glencross is hit by Mikael Backlund and loses puck.
5:13 of 1st period - Todd Fedoruk is hit by Jeff Friesen and loses puck.
5:28 of 1st period - Snap shot by Andy Miele.
5:28 of 1st period - Shot Misses the Net.
5:44 of 1st period - Manny Malhotra is hit by Curtis Glencross and loses puck.
5:52 of 1st period - Minor Penalty to Jeff Tambellini for High sticking.
5:53 of 1st period - Matt Cullen wins face-off versus Sam Gagner in Carnivores zone.
5:58 of 1st period - Wrist shot by Enver Lisin.
5:58 of 1st period - Goal by Enver Lisin - Blackdemons : 1 - Carnivores : 0.
5:59 of 1st period - Michael Peca wins face-off versus Matt Cullen in neutral zone.
6:06 of 1st period - Snap shot by James Neal.
6:06 of 1st period - Shot Blocked by Ryan Mcdonagh.
6:08 of 1st period - Snap shot by James Neal.
6:08 of 1st period - Stopped by Josh Tordjman with a rebound.
6:14 of 1st period - Wrist shot by Michael Peca.
6:14 of 1st period - Stopped by Josh Tordjman with a rebound.
6:24 of 1st period - Andy Miele is hit by Curtis Glencross and loses puck.
6:28 of 1st period - Icing by Janne Niinimaa.
6:29 of 1st period - Mikael Backlund wins face-off versus Sam Gagner in Carnivores zone.
6:34 of 1st period - Wrist shot by Mikael Backlund.
6:34 of 1st period - Deflect By Andy Miele.
6:34 of 1st period - Shot Misses the Net.
6:34 of 1st period - Puck is out of play.
6:35 of 1st period - Matt Cullen wins face-off versus Steve Konowalchuk in Blackdemons zone.
7:26 of 1st period - Snap shot by Curtis Glencross.
7:26 of 1st period - Stopped by Josh Tordjman without a rebound.
7:27 of 1st period - Matt Cullen wins face-off versus Curtis Brown in Carnivores zone.
7:27 of 1st period - Matt Cullen is hit by Todd Fedoruk.
8:03 of 1st period - Minor Penalty to James Neal for Roughing.
8:04 of 1st period - Matt Cullen wins face-off versus Curtis Brown in Blackdemons zone.
8:19 of 1st period - Wrist shot by Jeff Tambellini.
8:19 of 1st period - Stopped by Michal Neuvirth without a rebound.
8:20 of 1st period - Michael Peca wins face-off versus Mikael Backlund in Blackdemons zone.
9:04 of 1st period - Backhand shot by Curtis Glencross.
9:04 of 1st period - Shot Blocked by Andrew Ference.
10:03 of 1st period - Penalty to James Neal is over, James Neal is back on ice.
10:12 of 1st period - Bobby Sanguinetti is hit by Nikita Nikitin and loses puck.
10:23 of 1st period - Alexei Zhitnik is hit by Raphael Diaz and loses puck.
10:40 of 1st period - Slapshot by Evgeny Dadonov.
10:40 of 1st period - Deflect By Blake Geoffrion.
10:40 of 1st period - Stopped by Michal Neuvirth without a rebound.
10:41 of 1st period - Manny Malhotra wins face-off versus Curtis Brown in Blackdemons zone.
10:46 of 1st period - Wrist shot by Evgeny Dadonov.
10:46 of 1st period - Stopped by Michal Neuvirth with a rebound.
12:06 of 1st period - Wrist shot by Tomas Kopecky.
12:06 of 1st period - Stopped by Josh Tordjman without a rebound.
12:07 of 1st period - Mikael Backlund wins face-off versus Zack Hamill in Carnivores zone.
12:32 of 1st period - Nathan Paetsch is hit by Michael Grabner and loses puck.
12:57 of 1st period - Wrist shot by Evgeny Dadonov.
12:57 of 1st period - Stopped by Michal Neuvirth without a rebound.
12:58 of 1st period - Zack Hamill wins face-off versus Manny Malhotra in Blackdemons zone.
13:35 of 1st period - Wrist shot by Blake Geoffrion.
13:35 of 1st period - Stopped by Michal Neuvirth without a rebound.
13:36 of 1st period - Michael Peca wins face-off versus Matt Cullen in Blackdemons zone.
13:46 of 1st period - Minor Penalty to Raphael Diaz for Interference.
13:47 of 1st period - Matt Cullen wins face-off versus Michael Peca in Blackdemons zone.
14:29 of 1st period - Snap shot by Andy Miele.
14:29 of 1st period - Stopped by Michal Neuvirth without a rebound.
14:30 of 1st period - Matt Cullen wins face-off versus Michael Peca in Blackdemons zone.
15:04 of 1st period - Andrew Ference is hit by Michael Peca and loses puck.
15:17 of 1st period - Ryan Mcdonagh is hit by Curtis Brown and loses puck.
15:46 of 1st period - Penalty to Raphael Diaz is over, Raphael Diaz is back on ice.
16:01 of 1st period - Snap shot by Jeff Friesen.
16:01 of 1st period - Shot Blocked by Radoslav Suchy.
16:03 of 1st period - Backhand shot by Jeff Friesen.
16:03 of 1st period - Shot Blocked by Curtis Glencross.
16:17 of 1st period - Snap shot by Curtis Glencross.
16:17 of 1st period - Stopped by Josh Tordjman without a rebound.
16:18 of 1st period - Curtis Brown wins face-off versus Manny Malhotra in Carnivores zone.
16:19 of 1st period - Slapshot by Todd Fedoruk.
16:19 of 1st period - Stopped by Josh Tordjman without a rebound.
16:20 of 1st period - Curtis Brown wins face-off versus Manny Malhotra in Carnivores zone.
16:54 of 1st period - Wrist shot by Michael Grabner.
16:54 of 1st period - Deflect By Matt Cullen.
16:54 of 1st period - Stopped by Michal Neuvirth with a rebound.
17:49 of 1st period - Off-side.
17:50 of 1st period - Michael Peca wins face-off versus Matt Cullen in neutral zone.
17:50 of 1st period - Michael Peca is hit by Jeff Tambellini.
17:55 of 1st period - Minor Penalty to Matt Cullen for High sticking.
17:56 of 1st period - Sam Gagner wins face-off versus Manny Malhotra in Carnivores zone.
17:59 of 1st period - Snap shot by James Neal.
17:59 of 1st period - Shot Blocked by Janne Niinimaa.
18:01 of 1st period - Wrist shot by Enver Lisin.
18:01 of 1st period - Stopped by Josh Tordjman with a rebound.
18:03 of 1st period - Snap shot by Enver Lisin.
18:03 of 1st period - Goal by Enver Lisin - Blackdemons : 2 - Carnivores : 0.
18:04 of 1st period - Zack Hamill wins face-off versus Matt Cullen in neutral zone.
18:07 of 1st period - Snap shot by Curtis Glencross.
18:07 of 1st period - Stopped by Josh Tordjman with a rebound.
18:09 of 1st period - Slapshot by Jakub Kindl.
18:09 of 1st period - Shot Blocked by Michael Grabner.
18:11 of 1st period - Snap shot by Curtis Glencross.
18:11 of 1st period - Stopped by Josh Tordjman without a rebound.
18:12 of 1st period - Matt Cullen wins face-off versus Stanislav Chistov in Carnivores zone.
18:17 of 1st period - Snap shot by Michael Grabner.
18:17 of 1st period - Shot Blocked by Stanislav Chistov.
18:41 of 1st period - Wrist shot by Enver Lisin.
18:41 of 1st period - Goal by Enver Lisin - Blackdemons : 3 - Carnivores : 0.
18:42 of 1st period - Matt Cullen wins face-off versus Michael Peca in neutral zone.
18:45 of 1st period - Snap shot by Janne Niinimaa.
18:45 of 1st period - Stopped by Michal Neuvirth without a rebound.
18:46 of 1st period - Michael Peca wins face-off versus Matt Cullen in Blackdemons zone.
18:46 of 1st period - Michael Peca is hit by Matt Cullen.
19:07 of 1st period - Minor Penalty to Richard Park for Holding.
19:07 of 1st period - Minor Penalty to Karl Alzner for Slashing.
19:08 of 1st period - Curtis Glencross wins face-off versus Matt Cullen in Carnivores zone.
19:15 of 1st period - Snap shot by Curtis Glencross.
19:15 of 1st period - Shot Blocked by Matt Cullen.
19:17 of 1st period - Slapshot by Radoslav Suchy.
19:17 of 1st period - Shot Blocked by Matt Cullen.
19:19 of 1st period - Snap shot by Curtis Glencross.
19:19 of 1st period - Stopped by Josh Tordjman without a rebound.
19:20 of 1st period - Michael Peca wins face-off versus Mikael Backlund in Carnivores zone.
19:53 of 1st period - Off-side.
19:54 of 1st period - Michael Peca wins face-off versus Matt Cullen in neutral zone.
2nd period
0:01 of 2nd period - Steve Konowalchuk wins face-off versus Mikael Backlund in neutral zone.
0:38 of 2nd period - Snap shot by Michael Peca.
0:38 of 2nd period - Stopped by Josh Tordjman without a rebound.
0:39 of 2nd period - Mikael Backlund wins face-off versus Curtis Brown in Carnivores zone.
0:46 of 2nd period - Slapshot by Andy Miele.
0:46 of 2nd period - Shot Misses the Net.
0:48 of 2nd period - Wrist shot by Mikael Backlund.
0:48 of 2nd period - Shot Blocked by Jakub Kindl.
0:50 of 2nd period - Wrist shot by Mikael Backlund.
0:50 of 2nd period - Stopped by Michal Neuvirth without a rebound.
0:51 of 2nd period - Matt Cullen wins face-off versus Curtis Brown in Blackdemons zone.
1:00 of 2nd period - Wrist shot by Michael Grabner.
1:00 of 2nd period - Shot Blocked by Jakub Kindl.
1:02 of 2nd period - Wrist shot by Michael Grabner.
1:02 of 2nd period - Goal by Michael Grabner - Blackdemons : 3 - Carnivores : 1.
1:03 of 2nd period - Mikael Backlund wins face-off versus Curtis Brown in neutral zone.
1:07 of 2nd period - Penalty to Richard Park is over, Richard Park is back on ice.
1:07 of 2nd period - Penalty to Karl Alzner is over, Karl Alzner is back on ice.
1:17 of 2nd period - Wrist shot by Curtis Glencross.
1:17 of 2nd period - Shot Misses the Net.
1:23 of 2nd period - Snap shot by Curtis Glencross.
1:23 of 2nd period - Goal by Curtis Glencross - Blackdemons : 4 - Carnivores : 1.
1:23 of 2nd period - Steve Mason enters game.
1:24 of 2nd period - Zack Hamill wins face-off versus Matt Cullen in neutral zone.
1:51 of 2nd period - Andy Miele is hit by James Neal and loses puck.
1:58 of 2nd period - Snap shot by James Neal.
1:58 of 2nd period - Deflect By Mikael Backlund.
1:58 of 2nd period - Stopped by Steve Mason without a rebound.
1:59 of 2nd period - Matt Cullen wins face-off versus Michael Peca in Carnivores zone.
2:24 of 2nd period - Curtis Glencross is hit by Mikael Backlund.
2:34 of 2nd period - Wrist shot by Andy Miele.
2:34 of 2nd period - Shot Misses the Net.
2:50 of 2nd period - Jakub Kindl is hit by Manny Malhotra and loses puck.
3:28 of 2nd period - Slapshot by Radoslav Suchy.
3:28 of 2nd period - Stopped by Steve Mason with a rebound.
3:46 of 2nd period - Stanislav Chistov is hit by Richard Park and loses puck.
4:05 of 2nd period - Ryan Mcdonagh is hit by Steve Konowalchuk and loses puck.
4:13 of 2nd period - Minor Penalty to Mikael Backlund for High sticking.
4:14 of 2nd period - Sam Gagner wins face-off versus Matt Cullen in Carnivores zone.
4:15 of 2nd period - Slapshot by Enver Lisin.
4:15 of 2nd period - Stopped by Steve Mason with a rebound.
4:17 of 2nd period - Slapshot by Nathan Paetsch.
4:17 of 2nd period - Shot Blocked by Jeff Tambellini.
6:13 of 2nd period - Penalty to Mikael Backlund is over, Mikael Backlund is back on ice.
6:28 of 2nd period - Wrist shot by Andy Miele.
6:28 of 2nd period - Stopped by Michal Neuvirth without a rebound.
6:29 of 2nd period - Cal O'Reilly wins face-off versus Curtis Brown in Blackdemons zone.
6:56 of 2nd period - Snap shot by Steve Konowalchuk.
6:56 of 2nd period - Stopped by Steve Mason without a rebound.
6:57 of 2nd period - Sam Gagner wins face-off versus Matt Cullen in Carnivores zone.
7:51 of 2nd period - Jeff Tambellini is hit by Zack Hamill.
7:59 of 2nd period - Snap shot by Jeff Tambellini.
7:59 of 2nd period - Stopped by Michal Neuvirth with a rebound.
8:01 of 2nd period - Slapshot by Josef Melichar.
8:01 of 2nd period - Stopped by Michal Neuvirth with a rebound.
8:03 of 2nd period - Snap shot by Matt Cullen.
8:03 of 2nd period - Stopped by Michal Neuvirth with a rebound.
8:05 of 2nd period - Wrist shot by Michael Grabner.
8:05 of 2nd period - Shot Misses the Net.
8:27 of 2nd period - Snap shot by Todd Fedoruk.
8:27 of 2nd period - Stopped by Steve Mason with a rebound.
8:33 of 2nd period - Radoslav Suchy is hit by Andrew Ference and loses puck.
8:40 of 2nd period - Wrist shot by Matt Cullen.
8:40 of 2nd period - Shot Misses the Net.
8:42 of 2nd period - Slapshot by Michael Grabner.
8:42 of 2nd period - Shot Misses the Net.
8:44 of 2nd period - Slapshot by Michael Grabner.
8:44 of 2nd period - Stopped by Michal Neuvirth with a rebound.
8:46 of 2nd period - Snap shot by Matt Cullen.
8:46 of 2nd period - Stopped by Michal Neuvirth without a rebound.
8:47 of 2nd period - Mikael Backlund wins face-off versus Michael Peca in Blackdemons zone.
8:49 of 2nd period - Major Penalty to Michael Peca for Kneeing.
8:50 of 2nd period - Tomas Kopecky wins face-off versus Mikael Backlund in Blackdemons zone.
8:59 of 2nd period - Snap shot by Janne Niinimaa.
8:59 of 2nd period - Shot Misses the Net.
9:38 of 2nd period - Tomas Kopecky is hit by Andrew Ference and loses puck.
10:41 of 2nd period - Snap shot by Sam Gagner.
10:41 of 2nd period - Shot Misses the Net.
13:49 of 2nd period - Penalty to Michael Peca is over, Michael Peca is back on ice.
14:05 of 2nd period - Andy Miele is hit by Todd Fedoruk and loses puck.
15:02 of 2nd period - Michael Grabner is hit by Todd Fedoruk and loses puck.
15:13 of 2nd period - Bobby Sanguinetti is hit by Jakub Kindl and loses puck.
15:32 of 2nd period - Tomas Kopecky is hit by Jeff Friesen.
16:23 of 2nd period - Cal O'Reilly is hit by Curtis Glencross and loses puck.
16:36 of 2nd period - Cal O'Reilly is hit by Curtis Glencross and loses puck.
17:05 of 2nd period - Richard Park is hit by Curtis Brown and loses puck.
17:29 of 2nd period - Zack Hamill is hit by Manny Malhotra.
18:19 of 2nd period - Enver Lisin is hit by Evgeny Dadonov and loses puck.
18:43 of 2nd period - Alexei Zhitnik is hit by Stanislav Chistov and loses puck.
18:50 of 2nd period - Zack Hamill is hit by Blake Geoffrion and loses puck.
19:08 of 2nd period - Andy Miele is hit by Zack Hamill and loses puck.
19:19 of 2nd period - Radoslav Suchy is hit by Andy Miele and loses puck.
19:31 of 2nd period - Zack Hamill is hit by Andrew Ference and loses puck.
19:42 of 2nd period - Snap shot by Curtis Glencross.
19:42 of 2nd period - Stopped by Steve Mason with a rebound.
19:48 of 2nd period - Wrist shot by Stanislav Chistov.
19:48 of 2nd period - Deflect By Zack Hamill.
19:48 of 2nd period - Stopped by Steve Mason with a rebound.
19:54 of 2nd period - Stanislav Chistov is hit by Andy Miele and loses puck.
3rd period
0:01 of 3rd period - Matt Cullen wins face-off versus Sam Gagner in neutral zone.
0:11 of 3rd period - Minor Penalty to Enver Lisin for Interference.
0:12 of 3rd period - Matt Cullen wins face-off versus Curtis Brown in Blackdemons zone.
0:38 of 3rd period - Minor Penalty to Mikael Backlund for Hooking.
0:39 of 3rd period - Evgeny Dadonov wins face-off versus Curtis Brown in Carnivores zone.
0:39 of 3rd period - Evgeny Dadonov is hit by Jakub Kindl.
0:45 of 3rd period - Slapshot by Janne Niinimaa.
0:45 of 3rd period - Stopped by Michal Neuvirth without a rebound.
0:46 of 3rd period - Evgeny Dadonov wins face-off versus Curtis Brown in Blackdemons zone.
0:55 of 3rd period - Wrist shot by Evgeny Dadonov.
0:55 of 3rd period - Goal by Evgeny Dadonov - Blackdemons : 4 - Carnivores : 2.
0:56 of 3rd period - Matt Cullen wins face-off versus Michael Peca in neutral zone.
0:59 of 3rd period - Snap shot by Bobby Sanguinetti.
0:59 of 3rd period - Stopped by Michal Neuvirth with a rebound.
1:01 of 3rd period - Slapshot by Bobby Sanguinetti.
1:01 of 3rd period - Stopped by Michal Neuvirth with a rebound.
1:03 of 3rd period - Snap shot by Matt Cullen.
1:03 of 3rd period - Stopped by Michal Neuvirth without a rebound.
1:04 of 3rd period - Michael Peca wins face-off versus Matt Cullen in Blackdemons zone.
2:11 of 3rd period - Penalty to Enver Lisin is over, Enver Lisin is back on ice.
2:38 of 3rd period - Penalty to Mikael Backlund is over, Mikael Backlund is back on ice.
2:52 of 3rd period - Slapshot by Nathan Paetsch.
2:52 of 3rd period - Stopped by Steve Mason with a rebound.
3:16 of 3rd period - Snap shot by Michael Peca.
3:16 of 3rd period - Deflect By Enver Lisin.
3:16 of 3rd period - Stopped by Steve Mason with a rebound.
3:24 of 3rd period - Slapshot by Bobby Sanguinetti.
3:24 of 3rd period - Stopped by Michal Neuvirth without a rebound.
3:25 of 3rd period - Curtis Brown wins face-off versus Manny Malhotra in Blackdemons zone.
3:34 of 3rd period - Snap shot by Todd Fedoruk.
3:34 of 3rd period - Shot Misses the Net.
3:50 of 3rd period - Nikita Nikitin is hit by Janne Niinimaa and loses puck.
4:44 of 3rd period - Jakub Kindl is hit by Richard Park and loses puck.
5:01 of 3rd period - Andrew Ference is hit by Radoslav Suchy and loses puck.
5:10 of 3rd period - Nikita Nikitin is hit by David Van Der Gulik.
8:46 of 3rd period - Icing by Ryan Mcdonagh.
8:47 of 3rd period - Cal O'Reilly wins face-off versus Curtis Brown in Carnivores zone.
8:47 of 3rd period - Cal O'Reilly is hit by Curtis Brown.
9:07 of 3rd period - Icing by Jeff Tambellini.
9:08 of 3rd period - Matt Cullen wins face-off versus Zack Hamill in Carnivores zone.
9:15 of 3rd period - Snap shot by Stanislav Chistov.
9:15 of 3rd period - Stopped by Steve Mason without a rebound.
9:16 of 3rd period - Mikael Backlund wins face-off versus Sam Gagner in Carnivores zone.
9:16 of 3rd period - Mikael Backlund is hit by Sam Gagner.
9:21 of 3rd period - Janne Niinimaa is hit by Nikita Nikitin and loses puck.
11:00 of 3rd period - Karl Alzner is hit by Andy Miele and loses puck.
11:10 of 3rd period - Icing by Bobby Sanguinetti.
11:11 of 3rd period - Michael Peca wins face-off versus Mikael Backlund in Carnivores zone.
11:24 of 3rd period - Wrist shot by Tomas Kopecky.
11:24 of 3rd period - Shot Misses the Net.
11:26 of 3rd period - Wrist shot by Tomas Kopecky.
11:26 of 3rd period - Stopped by Steve Mason with a rebound.
11:43 of 3rd period - Off-side.
11:44 of 3rd period - Matt Cullen wins face-off versus Sam Gagner in neutral zone.
12:18 of 3rd period - Wrist shot by Tomas Kopecky.
12:18 of 3rd period - Shot Blocked by Janne Niinimaa.
12:27 of 3rd period - Icing by Ryan Mcdonagh.
12:28 of 3rd period - Cal O'Reilly wins face-off versus Curtis Brown in Carnivores zone.
12:30 of 3rd period - Minor Penalty to Maxime Macenauer for High sticking.
12:31 of 3rd period - Matt Cullen wins face-off versus Curtis Brown in Blackdemons zone.
14:30 of 3rd period - Penalty to Maxime Macenauer is over, Maxime Macenauer is back on ice.
14:48 of 3rd period - Ryan Mcdonagh is hit by Steve Konowalchuk and loses puck.
15:48 of 3rd period - Slapshot by Alexei Zhitnik.
15:48 of 3rd period - Stopped by Michal Neuvirth with a rebound.
16:12 of 3rd period - James Neal is hit by Mikael Backlund and loses puck.
16:33 of 3rd period - Wrist shot by David Van Der Gulik.
16:33 of 3rd period - Stopped by Michal Neuvirth without a rebound.
16:34 of 3rd period - Maxime Macenauer wins face-off versus David Van Der Gulik in Blackdemons zone.
16:48 of 3rd period - Minor Penalty to Curtis Brown for Hooking.
16:49 of 3rd period - Matt Cullen wins face-off versus Tomas Kopecky in Blackdemons zone.
16:58 of 3rd period - Slapshot by Jeff Tambellini.
16:58 of 3rd period - Stopped by Michal Neuvirth without a rebound.
16:59 of 3rd period - Matt Cullen wins face-off versus Tomas Kopecky in Blackdemons zone.
17:00 of 3rd period - Snap shot by Jeff Tambellini.
17:00 of 3rd period - Stopped by Michal Neuvirth with a rebound.
17:02 of 3rd period - Snap shot by Michael Grabner.
17:02 of 3rd period - Stopped by Michal Neuvirth with a rebound.
17:04 of 3rd period - Slapshot by Ryan Mcdonagh.
17:04 of 3rd period - Shot Misses the Net.
17:06 of 3rd period - Slapshot by Janne Niinimaa.
17:06 of 3rd period - Stopped by Michal Neuvirth with a rebound.
17:18 of 3rd period - Snap shot by Jeff Tambellini.
17:18 of 3rd period - Shot Misses the Net.
17:24 of 3rd period - Snap shot by Matt Cullen.
17:24 of 3rd period - Stopped by Michal Neuvirth without a rebound.
17:25 of 3rd period - Mikael Backlund wins face-off versus Michael Peca in Blackdemons zone.
17:29 of 3rd period - Minor Penalty to Mikael Backlund for Holding Stick.
17:29 of 3rd period - Minor Penalty to Karl Alzner for Tripping.
17:30 of 3rd period - Michael Peca wins face-off versus Evgeny Dadonov in Blackdemons zone.
18:31 of 3rd period - Wrist shot by Cal O'Reilly.
18:31 of 3rd period - Shot Misses the Net.
18:33 of 3rd period - Snap shot by Josef Melichar.
18:33 of 3rd period - Deflect By Cal O'Reilly.
18:33 of 3rd period - Stopped by Michal Neuvirth with a rebound.
18:35 of 3rd period - Slapshot by Josef Melichar.
18:35 of 3rd period - Stopped by Michal Neuvirth with a rebound.
18:37 of 3rd period - Slapshot by Josef Melichar.
18:37 of 3rd period - Stopped by Michal Neuvirth with a rebound.
18:39 of 3rd period - Snap shot by Cal O'Reilly.
18:39 of 3rd period - Stopped by Michal Neuvirth with a rebound.
18:48 of 3rd period - Penalty to Curtis Brown is over, Curtis Brown is back on ice.
19:29 of 3rd period - Penalty to Mikael Backlund is over, Mikael Backlund is back on ice.
19:29 of 3rd period - Penalty to Karl Alzner is over, Karl Alzner is back on ice.
19:40 of 3rd period - Minor Penalty to Mikael Backlund for Hooking.
19:41 of 3rd period - Manny Malhotra wins face-off versus Sam Gagner in Carnivores zone.
19:55 of 3rd period - Off-side.
19:56 of 3rd period - Manny Malhotra wins face-off versus Sam Gagner in neutral zone.
Output by the SimonT Hockey Simulator (STHS) for François Prévost -- Original Page W3C XHTML 1.0 Valid